 Dungeon Crawl Stone Soup version 0.28.0 (webtiles) character file.

Game seed: 3718397032011916556

74 ces the Ruffian (level 4, 44/44 HPs)
             Began as a Troll Berserker on Feb 19, 2022.
             Was a Believer of Trog.
             Got out of the dungeon alive.
             The game lasted 00:04:30 (1467 turns).

ces the Ruffian (Troll Berserker)                   Turns: 1467, Time: 00:04:31

Health: 44/44      AC:  4    Str: 27    XL:     4   Next: 9%
Magic:  3/3        EV: 10    Int:  3    God:    Trog [**....]
Gold:   102        SH:  0    Dex:  9    Spells: 3/3 levels left

rFire   . . .      SeeInvis .     - Unarmed
rCold   . . .      Faith    .   (no shield)
rNeg    . . .      Spirit   .   a - +0 animal skin
rPois   .          Reflect  .   (helmet restricted)
rElec   .          Harm     .   (no cloak)
rCorr   .          Rampage  .   (gloves unavailable)
Will    .....                   (boots unavailable)
Stlth   +.........              (no amulet)
HPRegen 0.94/turn               (no ring)
MPRegen 0.08/turn               (no ring)

@: no status effects
A: large, unfitting armour, claws 3, regeneration 1, shaggy fur 1, tough skin 1
a: Renounce Religion, Berserk, Trog's Hand


You escaped.
You worshipped Trog.
Trog was pleased with you.
You visited 1 branch of the dungeon, and saw 2 of its levels.

You collected 102 gold pieces.

Inventory:

Armour
 a - a +0 animal skin (worn)
Jewellery
 c - a +6 ring of intelligence
Scrolls
 b - 6 scrolls of teleportation {unknown}
 d - a scroll of amnesia {unknown}
 f - 2 scrolls of noise {unknown}
 g - a scroll of fear {unknown}
 h - a scroll of torment {unknown}
 i - a scroll of brand weapon {unknown}
 j - a scroll of enchant armour {unknown}
 n - a scroll of holy word {unknown}
Potions
 e - a potion of heal wounds {unknown}
 k - a potion of ambrosia {unknown}
 l - a potion of brilliance {unknown}
 m - a potion of curing {unknown}
 o - a potion of invisibility {unknown}


   Skills:
 + Level 2.8 Fighting
 + Level 3.1 Dodging
 + Level 4.0 Unarmed Combat


You had 3 spell levels left.
You didn't know any spells.
Your spell library was empty.

Dungeon Overview and Level Annotations

Branches:
Dungeon (2/15)

Altars:


Innate Abilities, Weirdness & Mutations

You are too large for most types of armour.
You have claws for hands.
Your natural rate of healing is unusually fast.
You are covered in fur. (AC +1)
You have tough skin. (AC +1)


Message History

A bat comes into view.
The bat hits you but does no damage.
A bat is nearby!
You completely miss the bat. The bat barely misses you.
The bat hits you but does no damage.
You barely miss the bat. The bat hits you but does no damage. x2
You scratch the bat but do no damage. The bat barely misses you.
The bat closely misses you. The bat barely misses you. x2
You claw the bat!
You kill the bat!
Trog accepts your kill.
No target in view!
No target in view!
Found a robe.
You see here a bat corpse.
You now have 102 gold pieces (gained 10).
Done exploring.
Done exploring.
Done exploring.
No target in view!
No target in view!
Done exploring.
Done exploring.
Done exploring.
Unknown command.
Unknown command.
Unknown command.
(D) Dungeon
Where to? (Enter - D:2, ? - help)
What level of the Dungeon? (default 1, ? - help)
You see here a +0 robe.
You see here 29 stones.
There is a stone staircase leading up here.
You climb upwards.
There is a stone staircase leading down here.
There is a staircase leading out of the dungeon here.
You can't go down here!
Are you sure you want to leave the Dungeon?
This will make you lose the game!
You have escaped!

...#.............#
#............
#..#.............#
#####........
.................# #........
##...............# #........
.................# #.....###
###...........(..# #.....# #
#>.............# #.....# #
#...############# #.....### #
###.##########@>############...
#.#......................#.##
#.#.##..##......##..##...#.#
#.#......................#.#
#.#.######......######...#.#
#.#......................#.##
#.#.####################.#.##
#........................#.##
#################.##.###...##


There were no monsters in sight!

Vanquished Creatures
  3 adders (D:2)
  A worm (D:2)
  A dart slug (D:2)
  3 ball pythons
  5 endoplasms
  2 giant cockroaches (D:1)
  3 goblins
  3 hobgoblins
  3 jackals (D:2)
  A quokka (D:2)
  6 bats
  A frilled lizard (D:1)
  4 kobolds
  5 rats
41 creatures vanquished.

Notes
Turn   | Place    | Note
-------+----------+-------------------------------------------
     0 | D:1      | ces the Troll Berserker began the quest for the Orb.
     0 | D:1      | Reached XP level 1. HP: 22/22 MP: 0/0
   134 | D:1      | Reached XP level 2. HP: 28/29 MP: 1/1
   419 | D:1      | Reached ** piety under Trog
   570 | D:2      | Found a faded altar of an unknown god.
   575 | D:2      | Reached XP level 3. HP: 32/36 MP: 2/2
  1110 | D:2      | Reached skill level 4 in Unarmed Combat
  1110 | D:2      | Reached XP level 4. HP: 44/44 MP: 3/3
  1385 | D:2      | Identified the +5 ring mail of the Great Game {rC+}
  1467 | D:$      | Got out of the dungeon alive.

Illustrated notes

Levels and vault maps discovered:
D:1:      dpeg_arrival_line_fractal, layout_basic, minmay_tripent
D:2:      layout_basic, hellmonk_ecumenical_altar_dog_temple

Skill      XL: |  1  2  3 |
---------------+----------+-----
Dodging        | 3 |  3.1
Unarmed Combat | 4 |  4.0
Fighting       | |  2.8

Action                   |  1- 3 |  4- 6 || total
-------------------------+-------+-------++-------
Melee: Unarmed           |    73 |     9 ||    82
       Punch             |     3 |       ||     3
Armor: Animal skin       |    26 |     4 ||    30
Dodge: Dodged            |    34 |     8 ||    42
